 Dungeon Crawl Stone Soup version 0.29.0-4-gdea44cf6ec (webtiles) character file.

Game seed: 13168468687743793633

120 qw the Ruffian (level 4, 0/44 HPs)
             Began as a Troll Cinder Acolyte on Sept 2, 2022.
             Was a High Priest of Ignis.
             Slain by Sigmund
             ... wielding a +1 scythe of venom
              (5 damage)
             ... on level 4 of the Dungeon.
             The game lasted 00:01:15 (2082 turns).

qw the Ruffian (Troll Cinder Acolyte)               Turns: 2082, Time: 00:01:15

Health: 0/44       AC: 12    Str: 24    XL:     4   Next: 75%
Magic:  0/4        EV: 13    Int: 10    God:    Ignis [*****.]
Gold:   198        SH:  0    Dex:  5    Spells: 5/5 levels left

rFire   + . .      SeeInvis .     - Unarmed
rCold   . . .      Faith    .   (no shield)
rNeg    . . .      Spirit   +   a - +0 robe
rPois   .          Reflect  .   (helmet restricted)
rElec   .          Harm     .   b - +0 cloak
rCorr   .          Rampage  .   (gloves unavailable)
Will    .....                   (boots unavailable)
Stlth   +.........              f - amulet of guardian spirit
HPRegen 0.94/turn               i - +4 ring of evasion
MPRegen 0.09/turn               (no ring)

@: lethally poisoned (0 -> -7), fiery-armoured
A: large, unfitting armour, claws 3, regeneration 1, shaggy fur 1, tough skin 1
a: Renounce Religion, Fiery Armour, Foxfire Swarm, Rising Flame


You were on level 4 of the Dungeon.
You worshipped Ignis.
Ignis was extremely pleased with you.
You visited 1 branch of the dungeon, and saw 4 of its levels.

You collected 198 gold pieces.


Innate Abilities, Weirdness & Mutations

You are too large for most types of armour.
You have claws for hands.
Your natural rate of healing is unusually fast.
You are covered in fur. (AC +1)
You have tough skin. (AC +1)


   Skills:
 - Level 2.4 Fighting
 + Level 5.5 Unarmed Combat
 - Level 1.0 Spellcasting
 - Level 2.1 Fire Magic


You had 5 spell levels left.
You didn't know any spells.
Your spell library contained the following spells:

 Spells                   Type           Power      Damage    Failure   Level
 Scorch                   Fire           8%         2d5       22%         2

Inventory:

Armour
 a - a +0 robe (worn)
 b - a +0 cloak (worn)
Jewellery
 f - an amulet of guardian spirit (around neck)
 i - a +4 ring of evasion (left claw)
Scrolls
 j - a scroll of identify
Potions
 e - a potion of might
 h - a potion of heal wounds
 k - a potion of resistance
 m - a potion of cancellation

Dungeon Overview and Level Annotations

Branches:
Dungeon (4/15)
 Temple: D:4-7

Altars:

Annotations:
D:4 Sigmund


Message History

You feel sick. Something hits you!
You see here a +0 short sword.
You scratch the orc.
The orc is almost dead.
You feel sick. The orc closely misses you.
You mangle the orc!!
You kill the orc!
You feel sick. Something hits you but does no damage.
You miss something.
You feel sick.
You swing at nothing.
You feel sick. Something hits you.
You swing at nothing.
You feel sick. Something hits you.
You are more poisoned.
You swing at nothing.
You feel very sick.
You barely miss something.
You feel sick.
You hear some strange, mumbled words.
Something tries to affect you, but you resist.
You swing at nothing.
You feel sick. Something hits you but does no damage.
You are more poisoned.
You swing at nothing.
You feel very sick.
You swing at nothing.
You feel very sick. Something hits you but does no damage.
You are more poisoned.
You swing at nothing.
You feel very sick. Something hits you.
You are lethally poisoned!
You swing at nothing.
You feel very sick.
You swing at nothing.
You feel very sick. Something hits you!
You die...

###########
#.........###
#####.####.......
...........##.##.
######...#..##.###
#........#..##.##.
#.####...#..##.##.
###@####...#..##.##.
#..))..))..#..##....
#.#....)...#..##..#.
#.######...#..##..#.
# #....o.....##. ##
#..............
#..#....###.## >..
..<... ... .#
.o....#. .


There were no monsters in sight!

Vanquished Creatures
  An orc priest (D:4)
  3 adders (D:2)
  2 dart slugs (D:1)
  4 orcs (D:4)
  4 endoplasms
  7 goblins
  5 hobgoblins
  3 jackals (D:1)
  3 kobolds
  2 quokkas
  7 ball pythons
  5 bats
  4 frilled lizards
  4 rats
54 creatures vanquished.

Notes
Turn   | Place    | Note
-------+----------+-------------------------------------------
     0 | D:1      | qw the Troll Cinder Acolyte began the quest for the Orb.
     0 | D:1      | Reached XP level 1. HP: 22/22 MP: 1/1
     0 | D:1      | 0 ||| qw: Version: 0.1-a-97-g2dd2ca4
     0 | D:1      | 0 ||| qw: Game counter: 4977
     0 | D:1      | 0 ||| qw: Always use a shield: true
     0 | D:1      | 0 ||| qw: God list: Okawaru
     0 | D:1      | 0 ||| qw: Allow faded altars: false
     0 | D:1      | 0 ||| qw: Do Orc after D:15 true
     0 | D:1      | 0 ||| qw: Do second Lair branch before Depths: true
     0 | D:1      | 0 ||| qw: Lair rune preference: random
     0 | D:1      | 0 ||| qw: Plans: Normal
     0 | D:1      | 0 ||| PLANNING D:1-11
   134 | D:1      | 134 ||| Stepping ~*~*~tactically~*~*~ (stealth).
   153 | D:1      | Reached XP level 2. HP: 29/29 MP: 2/2
   466 | D:1      | 466 ||| Stepping ~*~*~tactically~*~*~ (stealth).
   467 | D:1      | 467 ||| Stepping ~*~*~tactically~*~*~ (stealth).
   483 | D:1      | Reached skill level 4 in Unarmed Combat
   502 | D:1      | Found a faded altar of an unknown god.
   628 | D:1      | 628 ||| Stepping ~*~*~tactically~*~*~ (hiding).
   738 | D:1      | 738 ||| UPGRADING to +0 cloak.
   743 | D:1      | 743 ||| READING scroll labelled WYSTRE XIOLILAA.
   800 | D:2      | Reached XP level 3. HP: 19/36 MP: 3/3
   877 | D:2      | 877 ||| Stepping ~*~*~tactically~*~*~ (stealth).
  1228 | D:2      | 1228 ||| DROPPING amulet of magic regeneration.
  1229 | D:2      | 1229 ||| UPGRADING to +4 ring of evasion.
  1230 | D:2      | 1230 ||| READING scroll labelled BAITEILEPLU.
  1231 | D:2      | 1231 ||| READING 5 scrolls labelled TATOAM PEOTIPHOA.
  1232 | D:2      | 1232 ||| READING scroll labelled BIKHLEE BUASUSOU.
  1233 | D:2      | 1233 ||| READING scroll labelled UROCUSK LOOL.
  1234 | D:2      | 1234 ||| READING 4 scrolls of identify.
  1234 | D:2      | 1234 ||| IDENTIFYING cyan potion
  1235 | D:2      | 1235 ||| READING 3 scrolls of identify.
  1235 | D:2      | 1235 ||| IDENTIFYING inky potion
  1236 | D:2      | 1236 ||| READING 2 scrolls of identify.
  1236 | D:2      | 1236 ||| IDENTIFYING emerald potion
  1278 | D:3      | Reached XP level 4. HP: 44/44 MP: 4/4
  1367 | D:3      | Reached skill level 5 in Unarmed Combat
  1763 | D:3      | 1763 ||| UPGRADING to amulet of guardian spirit.
  1768 | D:3      | 1768 ||| READING scroll labelled ELLIUMA OLURGHI.
  1772 | D:3      | 1772 ||| DRINKING 2 smoky green potions.
  1877 | D:3      | 1877 ||| DRINKING 2 sedimented red potions.
  1978 | D:3      | 1978 ||| READING 3 scrolls of identify.
  1978 | D:3      | 1978 ||| IDENTIFYING amethyst potion
  1979 | D:3      | 1979 ||| READING 2 scrolls of identify.
  1979 | D:3      | 1979 ||| IDENTIFYING black potion
  1980 | D:3      | 1980 ||| DROPPING potion of berserk rage.
  1981 | D:3      | 1981 ||| DROPPING potion of ambrosia.
  2047 | D:4      | 2047 ||| Stepping ~*~*~tactically~*~*~ (stealth).
  2049 | D:4      | 2049 ||| Stepping ~*~*~tactically~*~*~ (hiding).
  2051 | D:4      | Noticed Sigmund
  2052 | D:4      | 2052 ||| INVOKING Fiery Armour.
  2053 | D:4      | 2053 ||| Stepping ~*~*~tactically~*~*~ (outnumbered).
  2054 | D:4      | 2054 ||| Stepping ~*~*~tactically~*~*~ (outnumbered).
  2057 | D:4      | 2057 ||| DRINKING potion of curing.
  2057 | D:4      | 2057 ||| (to cure confusion)
  2061 | D:4      | 2061 ||| Stepping ~*~*~tactically~*~*~ (outnumbered).
  2062 | D:4      | 2062 ||| Stepping ~*~*~tactically~*~*~ (outnumbered).
  2063 | D:4      | 2063 ||| Stepping ~*~*~tactically~*~*~ (outnumbered).
  2064 | D:4      | 2064 ||| Stepping ~*~*~tactically~*~*~ (outnumbered).
  2066 | D:4      | 2066 ||| Stepping ~*~*~tactically~*~*~ (outnumbered).
  2081 | D:4      | HP: 9/44 [poisoned by Sigmund]
  2082 | D:4      | Slain by Sigmund

Levels and vault maps discovered:
D:1:      mrwooster_arrival_arrow, layout_loops_ring,
          chequers_ecumenical_altar_lobes
D:2:      layout_rooms, kennysheep_nub
D:3:      layout_rooms, serial_curves, eino_curves_01, eino_curves_02
D:4:      layout_basic, mainiacjoe_overflow_tiny_flanked, serial_shops,
          shop_fountains, uniq_sigmund, uniq_robin

Skill      XL: |  1  2  3  4 |
---------------+-------------+-----
Unarmed Combat | 4 5 |  5.5
Fighting       | |  2.4
Spellcasting   | |  1.0
Fire Magic     | |  2.1

Action                   |  1- 3 |  4- 6 || total
-------------------------+-------+-------++-------
Melee: Unarmed           |   106 |    29 ||   135
       Punch             |     2 |     1 ||     3
Invok: Fiery Armour      |       |     1 ||     1
  Use: Scroll            |     8 |     3 ||    11
       Potion            |       |     3 ||     3
Armor: Robe              |    32 |    13 ||    45
Dodge: Dodged            |    45 |    16 ||    61

Table legend:
 A = Non-vault XP
 B = Vault XP
 C = Vault XP percentage of total XP
 D = Non-vault monster count
 E = Vault monster count
 F = Vault count percentage of total count
                 A         B        C        D         E       F
            +---------+---------+-------+---------+---------+-------
      Total |     172 |       0 |   0.0 |      54 |       0 |   0.0
            +---------+---------+-------+---------+---------+-------
        D:1 |      38 |       0 |   0.0 |      19 |       0 |   0.0
        D:2 |      57 |       0 |   0.0 |      16 |       0 |   0.0
        D:3 |      19 |       0 |   0.0 |      12 |       0 |   0.0
        D:4 |      58 |       0 |   0.0 |       7 |       0 |   0.0
            +---------+---------+-------+---------+---------+-------
